 Dungeon Crawl Stone Soup version 0.18-a0-1745-gffa9a88 (webtiles) character file.

552 4thArraOfDagon the Insei (level 7, -26/50 HPs)
             Began as a Green Draconian Air Elementalist on Apr 11, 2016.
             Annihilated by a two-headed ogre
             ... wielding a +0 giant club
              (28 damage)
             ... on level 8 of the Dungeon.
             The game lasted 00:12:08 (2037 turns).

4thArraOfDagon the Insei (DrAE)                     Turns: 2037, Time: 00:12:08

Health: -26/50     AC:  6    Str: 10    XL:     7   Next: 8%
Magic:  10/10      EV: 12    Int: 16    God:
Gold:   174        SH:  0    Dex: 13    Spells: 3 memorised, 5 levels left

rFire  . . .     SeeInvis .       - Unarmed
rCold  . . .     Gourm    .     (armour unavailable)
rNeg   . . .     Faith    .     (no shield)
rPois  +         Spirit   .     (helmet restricted)
rElec  .         Dismiss  .     (no cloak)
rCorr  .         Reflect  .     (no gloves)
SustAt .         Harm     .     (no boots)
MR     .....                    (no amulet)
Stlth  ++........               (no ring)
                                (no ring)

@: short of breath, repel missiles, not resistant to hostile enchantments,
unstealthy
A: breathe noxious fumes, unfitting armour, poison resistance, cold-blooded, AC
+6
a: Breathe Noxious Fumes


You were on level 8 of the Dungeon.
You were hungry.

You visited 1 branch of the dungeon, and saw 8 of its levels.
You also visited: Ossuary.

You collected 174 gold pieces.

Inventory:

Missiles
 j - 3 javelins (quivered)
Wands
 h - a wand of flame (0/48)
Scrolls
 i - 2 scrolls of teleportation {unknown}
 l - a scroll of remove curse {unknown}
 n - a scroll of fog {unknown}
 q - 2 scrolls of brand weapon {unknown}
Potions
 c - a potion of resistance
 d - a potion of magic {unknown}
 e - a potion of degeneration {unknown}
 g - a potion of curing {unknown}
 k - 2 potions of haste {unknown}
 m - 2 potions of brilliance
 o - a potion of cancellation {unknown}
Books
 a - a book of Air

   Spells                             Type                      Level
   a - Shock                          Conjuration/Air              1
   b - Swiftness                      Charms/Air                   2
   c - Repel Missiles                 Charms/Air                   2
   d - Static Discharge               Conjuration/Air              3
   e - Lightning Bolt                 Conjuration/Air              5
Comestibles
 b - 5 bread rations
 f - a meat ration
 p - 2 chunks of flesh


   Skills:
 - Level 1.7 Dodging
 - Level 3.2 Stealth
 * Level 6.0 Unarmed Combat
 - Level 2.0 Spellcasting
 - Level 3.2 Conjurations
 - Level 3.0 Air Magic


You had 5 spell levels left.
You knew the following spells:

 Your Spells              Type           Power        Failure   Level  Hunger
a - Shock                 Conj/Air       ##..         8%          1    #......
b - Repel Missiles        Chrm/Air       #.....       17%         2    ###....
c - Swiftness             Chrm/Air       #.......     17%         2    ###....


Dungeon Overview and Level Annotations

Branches:
Dungeon (8/15)
 Temple: D:4-7         Lair: D:8-11

Altars:
Pakellas
Ru
Xom

Annotations:
D:5 Menkaure, Prince Ribbit
D:6 Blork the orc, Grinder


Innate Abilities, Weirdness & Mutations

You can breathe blasts of noxious fumes.
Your lurid green scales are hard (AC +6).
Your body does not fit into most forms of armour.
Your system is resistant to poisons.
You are cold-blooded and may be slowed by cold attacks.


Message History

Unknown command.
Unknown command.
Throwing (i - inventory):
j - 4 javelins (quivered)
Press: ? - help, Shift-Dir - straight line, f/p - two-headed ogre
Aim: a two-headed ogre, wielding a giant club and a giant spiked club (almost dead)
You throw a javelin. The javelin hits the two-headed ogre.
The two-headed ogre is almost dead.
The two-headed ogre hits you with a giant club.
* * * LOW HITPOINT WARNING * * *
The two-headed ogre closely misses you.
Unknown command.
Unknown command.
Unknown command.
Unknown command.
Unknown command.
You hit the two-headed ogre. You tail-slap the two-headed ogre.
The two-headed ogre is almost dead.
The two-headed ogre hits you with a giant club!!
Ouch! That really hurt!
You die...

### ###########
######.#######.@(.(....##
#.............O.........##
#######.###########.###..##
### ### ##..## ##..## #
##..##.. #...... #....##
.......#


You could see a two-headed ogre.

Vanquished Creatures
  2 ogres (D:6)
  A jelly (D:6)
  An orc priest (D:7)
  2 centaur zombies (Ossuary)
  A giant frog skeleton (D:6)
  A hound (D:5)
  Jessica (D:3)
  A worker ant (D:7)
  A big kobold zombie (Ossuary)
  A hound skeleton (D:5)
  2 mummies (Ossuary)
  2 adders
  2 adder zombies (Ossuary)
  3 dart slugs
  2 giant geckos
  5 orcs
  2 ball pythons
  A bat (D:2)
  2 giant cockroaches (D:2)
  4 hobgoblins (D:3)
  3 jackals (D:2)
  6 kobolds
  A quokka (D:6)
  A giant newt (D:2)
  6 goblins
  2 goblin zombies (Ossuary)
  11 hobgoblin zombies (Ossuary)
  A jackal zombie (Ossuary)
  7 kobold zombies (Ossuary)
  10 orc zombies (Ossuary)
  2 rats
  A rat zombie (Ossuary)
88 creatures vanquished.

Vanquished Creatures (others)
  5 sheep (D:6)
5 creatures vanquished.

Grand Total: 93 creatures vanquished

Notes
Turn   | Place    | Note
--------------------------------------------------------------
     0 | D:1      | 4thArraOfDagon the Draconian Air Elementalist began the quest for the Orb.
     0 | D:1      | Reached XP level 1. HP: 14/14 MP: 3/3
   104 | D:2      | Reached XP level 2. HP: 17/20 MP: 3/5
   254 | D:2      | Reached XP level 3. HP: 13/26 MP: 4/6
   379 | D:3      | Found a sacrificial altar of Ru.
   384 | D:3      | Noticed Jessica
   394 | D:3      | Killed Jessica
   400 | D:3      | Learned a level 2 spell: Repel Missiles
   403 | D:3      | Learned a level 2 spell: Swiftness
   486 | D:3      | Reached XP level 4. HP: 22/33 MP: 4/7
   686 | D:5      | Entered Level 5 of the Dungeon
   688 | D:5      | Noticed Menkaure
   854 | D:6      | Found an oddly glowing altar of Pakellas.
   854 | D:6      | Noticed an ogre
   898 | D:5      | Noticed Prince Ribbit
   910 | D:5      | Reached skill level 1 in Unarmed Combat
   990 | D:6      | Noticed Blork the orc
  1023 | D:6      | Reached skill level 2 in Unarmed Combat
  1023 | D:6      | Reached XP level 5. HP: 38/38 MP: 3/8
  1049 | D:6      | Found a shimmering altar of Xom.
  1187 | D:7      | Reached skill level 3 in Unarmed Combat
  1302 | D:6      | Noticed Grinder
  1395 | D:6      | Noticed an ogre
  1416 | D:6      | Killed an ogre
  1416 | D:6      | Reached skill level 4 in Unarmed Combat
  1416 | D:6      | Reached XP level 6. HP: 27/45 MP: 7/9
  1445 | D:6      | Reached skill level 5 in Unarmed Combat
  1539 | D:7      | Found a sand-covered staircase.
  1554 | Ossuary  | Entered an ossuary
  1868 | Ossuary  | Your scales start taking on a lurid green colour.
  1868 | Ossuary  | Reached XP level 7. HP: 21/50 MP: 10/10
  1868 | Ossuary  | Gained mutation: Your system is resistant to poisons. [Green Draconian growth]
  1904 | D:7      | Reached skill level 6 in Unarmed Combat
  2010 | D:8      | Noticed a two-headed ogre
  2036 | D:8      | HP: 2/50 [two-headed ogre/giant club (5)]
  2037 | D:8      | Annihilated by a two-headed ogre

Vault maps used:
D:1:      minmay_arrival_shattered_statue, nrook_mini_vaults
D:2:      first_bread
D:3:      nicolae_overflow_crystal_walls, uniq_jessica
D:5:      old_forge, nicolae_overflow_hidden_temple, slow_altar_2,
          uniq_menkaure, uniq_prince_ribbit1, uniq_duvessa
D:6:      old_standard_altar, kb_xom_exploding_sheep,
          yredelemnul_forgotten_temple_becter, temple_doors_c,
          portal_sewer_entry_a, uniq_blork_the_orc, uniq_grinder
D:7:      enter_ossuary_1
D:8:      makhleb_altar_promises_db, kennysheep_mini_moat, hangedman_tree_tricks
Ossuary:  ossuary_tomb_1

Skill      XL: |  1  2  3  4  5  6  7 |
---------------+----------------------+-----
Stealth        | 2 3 |  3.2
Conjurations   | 2 3 |  3.2
Unarmed Combat | 2 4 5 6 |  6.0
Dodging        | |  1.7
Spellcasting   | |  2.0
Air Magic      | |  3.0

Action                   |  1- 3 |  4- 6 |  7- 9 || total
-------------------------+-------+-------+-------++-------
Melee: Unarmed           |    89 |   207 |    21 ||   317
Throw: Javelin           |       |       |     4 ||     4
 Cast: Shock             |     9 |    48 |       ||    57
       Repel Missiles    |       |     1 |       ||     1
 Abil: Breathe Noxious F |       |       |     2 ||     2
Evoke: Wand              |       |     8 |       ||     8
  Use: Scroll            |       |     4 |       ||     4
 Stab: Sleeping          |     1 |     2 |       ||     3
       Confused          |       |       |     7 ||     7
  Eat: Chunk             |       |     4 |     1 ||     5
